 Dungeon Crawl Stone Soup version 0.24.0-37-gcf1ca852f1 (webtiles) character file.

Game seed: 16798527986485790841, levelgen mode: deterministic

1458 lepoulpe303 the Ruffian (level 8, -7/83 HPs)
             Began as a Troll Chaos Knight on Dec 3, 2019.
             Was a Plaything of Xom.
             Mangled by an orc warrior
             ... wielding a +0 bardiche
              (10 damage)
             ... in a bailey on Dec 4, 2019.
             The game lasted 00:17:46 (4571 turns).

lepoulpe303 the Ruffian (Troll Chaos Knight)        Turns: 4571, Time: 00:17:47

Health: -7/83      AC:  8    Str: 27    XL:     8   Next: 47%
Magic:  0/7        EV: 11    Int:  8    God:    Xom [...*..]
Gold:   331        SH:  0    Dex:  9    Spells: 7/7 levels left

rFire    . . .     SeeInvis .     - Unarmed
rCold    . . .     Gourm    +   (no shield)
rNeg     + . .     Faith    .   a - +2 robe
rPois    .         Spirit   .   o - +0 hat
rElec    .         Reflect  .   (no cloak)
rCorr    .         Harm     .   (gloves unavailable)
MR       .....                  (boots unavailable)
Stlth    +.........             (no amulet)
HPRegen  0.63/turn              N - ring of positive energy {rN+}
MPRegen  0.10/turn              (no ring)

@: no status effects
A: large, unfitting armour, claws 3, fast metabolism 3, gourmand, regeneration
1, shaggy fur 1, strong 2, tough skin 3, MP-powered wands
a: Renounce Religion


You were in a bailey.
You worshipped Xom.
You were a favourite toy of Xom.
You were very full.

You visited 1 branch of the dungeon, and saw 7 of its levels.
You also visited: Bailey.

You collected 331 gold pieces.

Inventory:

Missiles
 j - 2 boomerangs (quivered)
 p - 6 silver boomerangs
Armour
 a - a +2 robe (worn)
 o - a +0 hat (worn)
Jewellery
 g - an uncursed ring of magical power {MP+9}
 N - a ring of positive energy (left claw) {rN+}
Scrolls
 b - a scroll of random uselessness
 c - a scroll of enchant armour {unknown}
 d - 2 scrolls of enchant weapon
 f - 2 scrolls of fog
 i - 3 scrolls of identify
 k - a scroll of immolation {unknown}
 l - a scroll of fear {unknown}
 m - a scroll of magic mapping {!r}
 t - 2 scrolls of teleportation
 u - a scroll of blinking {unknown}
 w - 2 scrolls of remove curse
 y - a scroll of amnesia {unknown}
Potions
 h - a potion of haste
 n - a potion of resistance
 q - 3 potions of curing
 r - a potion of brilliance
 s - a potion of agility
 v - a potion of degeneration {!q}
 A - a potion of might {unknown}
Comestibles
 e - 8 rations


   Skills:
 * Level 5.7 Fighting
 + Level 3.5 Throwing
 + Level 3.9 Dodging
 * Level 6.8 Unarmed Combat


You had 7 spell levels left.
You didn't know any spells.
Your spell library contained the following spells:

 Spells                   Type           Power        Failure   Level  Hunger
 Confusing Touch          Hex            #.....       41%         1    ##.....
 Spectral Weapon          Hex/Chrm       #.......     78%         3    ####...
 Leda's Liquefaction      Hex/Erth       #.........   99%         4    #####..
 Venom Bolt               Conj/Pois      #.........   100%        5    ######.
 Bolt of Fire             Conj/Fire      #.........   100%        6    #######


Dungeon Overview and Level Annotations

Branches:
Dungeon (7/15)             Temple (0/1) D:6          Bailey (1/1)

Altars:
Ashenzari
Cheibriados
Dithmenos
Fedhas
Nemelex Xobeh
Ru
Vehumet
Xom
Yredelemnul
The Shining One

Shops:
D:5 }

Annotations:
D:3 2 transporters ; rELEC !
D:6 exclusion: statue


Innate Abilities, Weirdness & Mutations

You are too large for most types of armour.
You have claws for hands.
Your metabolism is lightning-fast.
You like to eat raw meat.
Your natural rate of healing is unusually fast.
You are covered in fur. (AC +1)
You have extremely tough skin. (AC +3)
Your muscles are very strong. (Str +4)
You expend magic power (3 MP) to strengthen your wands.


Message History

Aim: an orc knight, wielding a +0 halberd and wearing a +0 ring mail (lightly wounded, chance to defeat MR: 28%)
The orc knight easily resists.
The now-empty wand crumbles to dust.
The orc barely misses you. The orc hits you with a +0 hand axe.
* * * LOW HITPOINT WARNING * * *
Your ice beast freezes the orc!
The orc dies!
The orc knight hits you from afar with a +0 halberd!!
* * * LOW HITPOINT WARNING * * *
The orc hits you from afar with a cursed -2 halberd!
* * * LOW HITPOINT WARNING * * *
You take 25 damage, and have 9/83 hp.
MASSIVE DAMAGE!!
You aren't carrying any items that you can evoke.
There are monsters nearby!
Unknown command.
You open the gate. The orc hits you with a +0 hand axe!
* * * LOW HITPOINT WARNING * * *
The orc hits your ice beast with a +0 hand axe.
The orc warrior hits you from afar with a +0 bardiche!
You die...

******* ###### *****
,
,,,*########.....##*
,, ,, * , ,,,,
#.....#.......+, , ,,
,*
,,,,,,+.!!!.'..o....+
,,,, ,, ,+,,,,,,
+.!!!.'oYo....+,,,,,,
, , ,,
,+.!!!.'@ooo)..+,,
,,, **, ,
,,#.....#..o.o..+,
,,, *#####*##.....##
, ****** ###### ** *
****


You could see an orc knight, 3 orc warriors, 3 orcs, a friendly orc knight and a
friendly ice beast.

Levels and vault maps discovered:
D:1:      lemuel_arrival_muddy, layout_loops_ring, nicolae_ashenzari_panopticon
D:2:      layout_basic, chequers_ecumenical_altar_lobes, first_ration
D:3:      gammafunk_steamed_eel, layout_loops_cross, grunt_temple_overflow_open
D:4:      layout_loops_ring, minmay_pentomino_pile
D:5:      layout_rooms, serial_shops, nicolae_shop_trees, basic_altar
D:6:      layout_loops_ring, vehumet_statue, minmay_temple_entry_from_below_a,
          grunt_dithmenos_smoke_and_mirrors
D:7:      layout_loops_ring, enter_bailey_2, serial_rivers,
          chequers_serial_rivers_small_3, chequers_serial_rivers_large_a,
          chequers_serial_rivers_small_3, chequers_serial_rivers_marsh,
          minmay_misc_feat_plants, the_bakery, fedhas_altar_decomposition,
          uniq_prince_ribbit1, uniq_joseph
Bailey:   bailey_polearm_5, bailey

Notes
Turn   | Place    | Note
-------+----------+-------------------------------------------
     0 | D:1      | lepoulpe303 the Troll Chaos Knight began the quest for the
                  | Orb.
     0 | D:1      | Reached XP level 1. HP: 22/22 MP: 0/0
    65 | D:1      | Reached skill level 2 in Dodging
   129 | D:1      | XOM: divination: detect creatures
   142 | D:1      | Reached XP level 2. HP: 29/29 MP: 1/1
   266 | D:1      | Identified a +0 club
   362 | D:1      | Found a shattered altar of Ashenzari.
   438 | D:1      | Identified a +0 whip
   568 | D:1      | Identified a +0 club
   578 | D:1      | Reached XP level 3. HP: 36/36 MP: 2/2
   952 | D:2      | Found a faded altar of an unknown god.
  1056 | D:2      | XOM: harmless Necr miscast
  1074 | D:2      | XOM: silly message
  1184 | D:2      | XOM: silly message
  1289 | D:2      | XOM: give mutations
  1289 | D:2      | Gained mutation: Your muscles are strong. (Str +2) [Xom's
                  | grace]
  1289 | D:2      | Gained mutation: Your muscles are very strong. (Str +4)
                  | [Xom's grace]
  1289 | D:2      | Gained mutation: You expend magic power (3 MP) to
                  | strengthen your wands. [Xom's grace]
  1645 | D:3      | Identified a +0 dagger
  1646 | D:3      | Identified a +0 club
  1647 | D:3      | Identified a +0 club
  1651 | D:3      | Identified a +0 flail
  1652 | D:3      | Identified a +0 war axe
  1654 | D:3      | Identified a +0 dagger
  1654 | D:3      | Identified a +0 robe
  1656 | D:3      | Identified a +0 club
  1657 | D:3      | Reached skill level 3 in Fighting
  1676 | D:3      | Reached skill level 1 in Throwing
  1676 | D:3      | Reached XP level 4. HP: 39/45 MP: 3/3
  1707 | D:3      | Found a transporter.
  1719 | D:3      | Identified a +0 club
  1733 | D:3      | Found a transporter.
  1834 | D:3      | XOM is BORED!
  1834 | D:3      | XOM: mild Tloc miscast
  1835 | D:3      | Noticed a spatial vortex
  2008 | D:3      | Found a blossoming altar of Fedhas.
  2009 | D:3      | Found a sacrificial altar of Ru.
  2010 | D:3      | Found a sparkling altar of Nemelex Xobeh.
  2010 | D:3      | Found a snail-covered altar of Cheibriados.
  2010 | D:3      | Found a glowing golden altar of the Shining One.
  2010 | D:3      | Identified a +0 club
  2228 | D:4      | Reached skill level 4 in Unarmed Combat
  2281 | D:4      | Identified a +0 mace
  2281 | D:4      | Identified a +0 leather armour
  2335 | D:4      | Reached XP level 5. HP: 49/53 MP: 4/4
  2343 | D:4      | XOM: noise
  2350 | D:4      | XOM: cast spell 'Cause Fear'
  2421 | D:4      | Identified a +0 hand axe
  2430 | D:4      | XOM: god gift: 20 stones
  2488 | D:4      | XOM: harmless Tmut miscast
  2489 | D:4      | Reached XP level 6. HP: 59/62 MP: 5/5
  2690 | D:4      | Identified a cursed +0 giant spiked club
  2694 | D:4      | Reached skill level 4 in Fighting
  2694 | D:4      | Reached skill level 2 in Throwing
  2694 | D:4      | Reached skill level 3 in Dodging
  2950 | D:5      | Entered Level 5 of the Dungeon
  2960 | D:5      | Reached skill level 5 in Unarmed Combat
  2973 | D:5      | Identified a +0 dagger
  2973 | D:5      | Identified a +0 robe
  2973 | D:5      | Identified a +0 flail
  2973 | D:5      | Identified a +0 leather armour
  2974 | D:5      | Identified a +2 dagger of flaming
  2974 | D:5      | Identified a cursed +0 robe
  2974 | D:5      | Identified a +0 club
  2974 | D:5      | Identified a +0 leather armour
  3031 | D:5      | Identified a +0 great sword
  3031 | D:5      | Identified a +0 shortbow
  3031 | D:5      | Identified a +0 shortbow
  3032 | D:5      | Identified a +0 club
  3039 | D:5      | XOM: scenery: create altars
  3042 | D:5      | XOM: smoke on damage
  3043 | D:5      | Reached XP level 7. HP: 41/71 MP: 6/6
  3044 | D:5      | XOM: divination: detect items
  3044 | D:5      | HP: 12/71 [centaur/+0 great sword (15)]
  3045 | D:5      | Identified 2 potions of degeneration
  3046 | D:5      | Identified 2 potions of resistance
  3091 | D:5      | Identified a cursed +0 leather armour
  3124 | D:5      | Identified a +0 short sword
  3124 | D:5      | Identified a +0 hand axe
  3124 | D:5      | Identified a +0 leather armour
  3124 | D:5      | Identified a +0 falchion
  3165 | D:5      | Identified a +0 whip
  3165 | D:5      | Identified a +0 leather armour
  3353 | D:5      | Found Fomacs's Gadget Shop.
  3398 | D:5      | Found a basalt altar of Yredelemnul.
  3507 | D:5      | Identified a +0 hat (You found it on level 5 of the
                  | Dungeon)
  3541 | D:6      | Identified 6 scrolls of identify
  3541 | D:6      | Identified a ring of magical power (You found it on level 1
                  | of the Dungeon)
  3542 | D:6      | Identified 3 potions of curing
  3543 | D:6      | Identified a potion of brilliance
  3544 | D:6      | Identified a potion of agility
  3545 | D:6      | Identified 3 scrolls of enchant weapon
  3554 | D:6      | Identified a +0 shortbow
  3560 | D:6      | XOM: enchant monster (good)
  3587 | D:6      | Found a radiant altar of Vehumet.
  3607 | D:6      | Identified a +0 ring mail
  3628 | D:6      | Found a staircase to the Ecumenical Temple.
  3645 | D:6      | XOM: cloud trail
  3833 | D:6      | Identified a cursed +0 short sword
  3865 | D:6      | Identified a +0 dagger
  3865 | D:6      | Identified a +0 robe
  3865 | D:6      | Identified a +0 dagger
  3865 | D:6      | Identified a +0 robe
  3866 | D:6      | Identified a +0 flail
  3866 | D:6      | Identified a +0 leather armour
  3867 | D:6      | XOM: potion effect (might)
  3867 | D:6      | Identified a cursed -2 dagger
  3874 | D:6      | XOM: enchant monster (bad)
  3927 | D:6      | Identified the Almanac of Excruciating Bewitchment
  3939 | D:6      | Identified a +0 giant spiked club
  3950 | D:6      | Reached skill level 5 in Fighting
  3950 | D:6      | Reached skill level 3 in Throwing
  3950 | D:6      | Reached skill level 6 in Unarmed Combat
  4075 | D:6      | Found a shadowy altar of Dithmenos.
  4122 | D:6      | Identified a +0 shortbow
  4132 | D:6      | Reached XP level 8. HP: 76/80 MP: 7/7
  4259 | D:6      | Identified a +0 mace
  4259 | D:6      | Identified a +0 chain mail
  4290 | D:7      | Identified 3 scrolls of teleportation
  4292 | D:7      | Identified a cursed -1 mace
  4292 | D:7      | Identified a +0 chain mail
  4292 | D:7      | Identified a +0 dagger
  4292 | D:7      | Identified a +0 ring mail
  4327 | D:7      | Identified 3 scrolls of remove curse
  4328 | D:7      | Identified a ring of positive energy (You found it on level
                  | 6 of the Dungeon)
  4329 | D:7      | Identified 3 scrolls of fog
  4330 | D:7      | Identified 2 scrolls of random uselessness
  4331 | D:7      | Identified 2 scrolls of magic mapping
  4360 | D:7      | Identified a +0 dagger
  4360 | D:7      | Identified a +0 robe
  4361 | D:7      | Identified a +0 halberd
  4361 | D:7      | Identified a +0 chain mail
  4362 | D:7      | Identified a +0 dagger
  4368 | D:7      | Identified a +0 flail
  4368 | D:7      | Identified a +0 leather armour
  4373 | D:7      | HP: 14/81 [orc warrior/+0 halberd (17)]
  4391 | D:7      | Found a blossoming altar of Fedhas.
  4398 | D:7      | HP: 7/81 [orc warrior/+0 halberd (22)]
  4412 | D:7      | XOM: scenery: create altars
  4413 | D:7      | XOM: swap monsters
  4419 | D:7      | XOM: potion effect (agility)
  4482 | D:7      | Found a flagged portal.
  4489 | Bailey   | Entered a bailey
  4517 | Bailey   | Identified a +0 war axe
  4517 | Bailey   | Identified a +0 war axe
  4517 | Bailey   | Identified a +0 war axe
  4517 | Bailey   | Identified a +0 war axe
  4517 | Bailey   | Identified a +0 hand axe
  4517 | Bailey   | Identified a +0 war axe
  4517 | Bailey   | Identified a +0 hand axe
  4517 | Bailey   | Identified a +0 glaive
  4517 | Bailey   | Identified a +0 crystal plate armour
  4517 | Bailey   | Identified a +0 trident
  4517 | Bailey   | Identified a +0 ring mail
  4517 | Bailey   | Identified a +0 trident
  4517 | Bailey   | Identified a +0 scale mail
  4518 | Bailey   | Identified a cursed -1 trident
  4518 | Bailey   | Identified a +0 chain mail
  4518 | Bailey   | Identified a +0 trident
  4518 | Bailey   | Identified a +0 ring mail
  4530 | Bailey   | XOM: confuse monster(s)
  4531 | Bailey   | XOM: harmless Ice miscast
  4560 | Bailey   | XOM: 1-stop teleportation journey
  4561 | Bailey   | Identified a +0 halberd
  4561 | Bailey   | Identified a +0 hand axe
  4561 | Bailey   | Identified a +0 trident
  4561 | Bailey   | Identified a +0 scale mail
  4561 | Bailey   | Identified a cursed -2 halberd
  4561 | Bailey   | Identified a +0 halberd
  4561 | Bailey   | Identified a +0 ring mail
  4561 | Bailey   | Noticed an orc knight
  4561 | Bailey   | Identified a +0 halberd
  4561 | Bailey   | Identified a +0 bardiche
  4561 | Bailey   | Identified a +0 ring mail
  4561 | Bailey   | Identified a +0 hand axe
  4561 | Bailey   | Identified a +0 trident
  4561 | Bailey   | Identified a +0 ring mail
  4561 | Bailey   | Identified a +0 trident
  4561 | Bailey   | Identified a +0 halberd
  4561 | Bailey   | Identified a +0 chain mail
  4561 | Bailey   | Noticed an orc knight
  4561 | Bailey   | Identified a +0 war axe
  4561 | Bailey   | XOM: divination: magic mapping
  4567 | Bailey   | XOM: cast spell 'Summon Ice Beast'
  4570 | Bailey   | HP: 16/83 [orc knight/+0 halberd (18)]
  4571 | Bailey   | HP: 3/83 [orc/+0 hand axe (7)]
  4571 | Bailey   | Mangled by an orc warrior

Table legend:
 A = Turns spent in this place as a percentage of turns spent in the entire game.
 B = Non-inter-level travel turns spent in this place as a percentage of non-inter-level travel turns spent in the entire game.
 C = Inter-level travel turns spent in this place as a percentage of turns spent in this place.
 D = Turns resting spent in this place as a percentage of non-inter-level travel turns spent in this place.
 E = Turns spent auto-exploring this place as a percentage of non-inter-level travel turns spent in this place.
 F = Non-inter-level travel turns spent in this place divided by the number of levels of this place that you've seen.
                   A       B       C       D       E      F
               +-------+-------+-------+-------+-------+----------------------
         Total | 100.0 | 100.0 |   4.9 |   3.5 |  74.9 | 543.4
       Dungeon |  98.2 |  98.1 |   5.0 |   3.0 |  76.3 | 609.3
        Bailey |   1.8 |   1.9 |   0.0 |  30.5 |   0.0 |  82.0
               +-------+-------+-------+-------+-------+----------------------

Table legend:
 A = Kills in this place as a percentage of kills in entire the game.
 B = Kills by you in this place as a percentage of kills by you in the entire game.
 C = Kills by friends in this place as a percentage of kills by friends in the entire game.
 D = Other kills in this place as a percentage of other kills in the entire game.
 E = Experience gained in this place as a percentage of experience gained in the entire game.
 F = Experience gained in this place divided by the number of levels of this place that you have seen.
                   A       B       C       D       E      F
               +-------+-------+-------+-------+-------+----------------------
         Total | 100.0 | 100.0 | 100.0 | 100.0 | 100.0 | 260.5
       Dungeon |  90.3 |  94.7 |  45.5 |   0.0 |  94.2 | 280.6
        Bailey |   9.7 |   5.3 |  54.5 | 100.0 |   5.8 | 120.0
               +-------+-------+-------+-------+-------+----------------------

Skill      XL: |  1  2  3  4  5  6  7 |
---------------+----------------------+-----
Dodging        | 2 3 |  3.9
Fighting       | 3 4 5 |  5.7
Throwing       | 1 2 3 |  3.5
Unarmed Combat | 4 5 6 |  6.8

Action                   |  1- 3 |  4- 6 |  7- 9 || total
-------------------------+-------+-------+-------++-------
Melee: Unarmed           |    95 |   114 |   112 ||   321
       Punch             |       |     3 |     1 ||     4
Throw: Boomerang         |       |    36 |    26 ||    62
Evoke: Wand              |       |       |     7 ||     7
  Use: Scroll            |       |       |    10 ||    10
       Potion            |       |       |     2 ||     2
 Stab: Confused          |       |       |     2 ||     2
       Sleeping          |       |       |     1 ||     1
  Eat: Chunk             |    20 |    13 |    14 ||    47
Armor: Robe              |    39 |    41 |    38 ||   118
Dodge: Dodged            |    46 |    58 |    82 ||   186

Vanquished Creatures
  2 orc warriors
  2 ogres
  4 centaurs
  2 bullfrogs (D:7)
  2 howler monkeys
  A crimson imp (D:4)
  3 hounds (D:4)
  A jelly (D:6)
  2 orc priests (D:5)
  4 orc wizards
  2 worker ants
  3 adders
  2 shadow imps
  A worm (D:5)
  A dart slug (D:1)
  3 leopard geckos
  29 orcs
  3 ball pythons
  6 bats
  5 giant cockroaches
  6 goblins
  6 hobgoblins
  21 jackals
  2 quokkas (D:3)
  5 frilled lizards
  A jackal zombie (D:6)
  5 kobolds
  2 leopard gecko skeletons
  A leopard gecko zombie (D:7)
  7 rats
134 creatures vanquished.

Vanquished Creatures (collateral kills)
  An orc priest (D:5)
  2 orc wizards (D:5)
  8 orcs
11 creatures vanquished.

Vanquished Creatures (others)
  An orc warrior (Bailey)
1 creature vanquished.

Grand Total: 146 creatures vanquished
